 Dungeon Crawl Stone Soup version 0.29.1-15-g9cfb28693d (webtiles) character file.

Game seed: 14251501118467114855

53 IndexError the Magician (level 3, -1/26 HPs)
             Began as a Gnoll Hedge Wizard on Mar 8, 2023.
             Slain by a gnoll
             ... wielding a +0 flail
              (5 damage)
             ... on level 2 of the Dungeon.
             The game lasted 00:03:12 (2042 turns).

IndexError the Magician (Gnoll Hedge Wizard)        Turns: 2042, Time: 00:03:13

Health: -1/26      AC:  3    Str:  9    XL:     3   Next: 87%
Magic:  0/11       EV: 13    Int: 15    God:
Gold:   49         SH:  0    Dex: 11    Spells: 11/16 levels left

rFire   . . .      SeeInvis .   a - +0 dagger
rCold   . . .      Faith    .   (no shield)
rNeg    . . .      Spirit   .   b - +0 robe
rPois   .          Reflect  .   c - +0 hat
rElec   .          Harm     .   l - scarf {+Inv}
rCorr   .          Rampage  .   g - +0 pair of gloves
Will    .....                   (no boots)
Stlth   ++........              (no amulet)
HPRegen 0.08/turn               (no ring)
MPRegen 0.12/turn               (no ring)

@: no status effects
A: fangs 1, strong nose, distributed training
a: Evoke Invisibility


You were on level 2 of the Dungeon.
You visited 1 branch of the dungeon, and saw 2 of its levels.

You collected 49 gold pieces.

Inventory:

Hand Weapons
 a - a +0 dagger (weapon)
Armour
 b - a +0 robe (worn)
 c - a +0 hat (worn)
 g - a +0 pair of gloves (worn)
   (You found it on level 1 of the Dungeon)
 l - a scarf of invisibility (worn)
   (You found it on level 2 of the Dungeon)
Magical Staves
 m - a staff of earth
   (You found it on level 2 of the Dungeon)
Scrolls
 f - 3 scrolls of identify {unknown}
 k - a scroll of enchant armour {unknown}
 n - a scroll of butterflies {unknown}
Potions
 d - a potion of magic
 e - 2 potions of mutation {unknown}
 h - a potion of flight {unknown}
 i - a potion of curing {unknown}
 j - a potion of brilliance {unknown}


   Skills:
 + Level 1.0 Fighting
 + Level 1.0 Short Blades
 + Level 1.0 Long Blades
 + Level 1.0 Axes
 + Level 1.0 Maces & Flails
 + Level 1.0 Polearms
 + Level 1.0 Staves
 + Level 1.0 Ranged Weapons
 + Level 1.0 Throwing
 + Level 1.0 Armour
 + Level 4.6 Dodging
 + Level 4.2 Stealth
 + Level 1.0 Shields
 + Level 1.0 Unarmed Combat
 + Level 7.2 Spellcasting
 + Level 2.2 Conjurations
 + Level 0.7 Hexes
 + Level 2.2 Summonings
 + Level 0.7 Necromancy
 + Level 2.2 Translocations
 + Level 0.7 Transmutations
 + Level 0.7 Fire Magic
 + Level 0.7 Ice Magic
 + Level 0.7 Air Magic
 + Level 0.7 Earth Magic
 + Level 0.7 Poison Magic
 + Level 1.1 Invocations
 + Level 1.0 Evocations


You had 11 spell levels left.
You knew the following spells:

 Your Spells              Type           Power      Damage    Failure   Level
a - Magic Dart            Conj           48%        1d5       5%          1
b - Blink                 Tloc           24%        N/A       8%          2
c - Call Imp              Summ           12%        N/A       8%          2

Your spell library contained the following spells:

 Spells                   Type           Power      Damage    Failure   Level
 Slow                     Hex            28%        N/A       10%         1
 Scorch                   Fire           14%        2d6       14%         2
 Conjure Flame            Conj/Fire      9%         6-21      22%         3
 Mephitic Cloud           Conj/Pois/Air  9%         N/A       24%         3
 Flame Wave               Conj/Fire      9%         2d6       56%         4
 Summon Cactus Giant      Summ           6%         N/A       100%        6


Dungeon Overview and Level Annotations

Branches:
Dungeon (2/15)

Altars:


Innate Abilities, Weirdness & Mutations

You have very sharp teeth.
Your uncanny sense of smell can sniff out nearby items.
Your experience applies equally to all skills.


Message History

The gnoll hits you from afar with a +0 halberd.
You take 4 damage, and have 21/25 hp.
You now have 9/11 mp.
Aiming: Magic Dart (safe; 5% risk of failure)
Press: ? - help, Q - select action, (/) - cycle Shift-Dir - straight line, f/p - gnoll
Aim: a gnoll, wielding a +0 halberd (heavily wounded, 100% to hit)
The magic dart hits the gnoll.
The gnoll misses you.
You now have 8/11 mp.
Aiming: Magic Dart (safe; 5% risk of failure)
Press: ? - help, Q - select action, (/) - cycle Shift-Dir - straight line, f/p - gnoll
Aim: a gnoll, wielding a +0 halberd (heavily wounded, 100% to hit)
The magic dart hits the gnoll.
The gnoll misses you.
You now have 7/11 mp.
Aiming: Magic Dart (safe; 5% risk of failure)
Press: ? - help, Q - select action, (/) - cycle Shift-Dir - straight line, f/p - gnoll
Aim: a gnoll, wielding a +0 halberd (almost dead, 100% to hit)
The magic dart hits the gnoll.
Your Fighting skill increases to level 1!
Your Short Blades skill increases to level 1!
Your Long Blades skill increases to level 1!
Your Axes skill increases to level 1!
Your Maces & Flails skill increases to level 1!
Your Polearms skill increases to level 1!
Your Staves skill increases to level 1!
Your Ranged Weapons skill increases to level 1!
Your Throwing skill increases to level 1!
Your Armour skill increases to level 1!
Your Shields skill increases to level 1!
Your Unarmed Combat skill increases to level 1!
Your Evocations skill increases to level 1!
You now have 6/11 mp.
A gnoll comes into view. It is wielding a +0 flail.
Aiming: Magic Dart (safe; 5% risk of failure)
Press: ? - help, Q - select action, (/) - cycle Shift-Dir - straight line, f - gnoll
Aim: a gnoll, wielding a +0 flail and wearing a +0 robe (wandering, hasn't noticed you, 100% to hit)
The magic dart hits the gnoll but does no damage.
The gnoll shouts!
A goblin comes into view. It is wielding a +0 dagger.
You now have 6/11 mp.
Aiming: Magic Dart (safe; 5% risk of failure)
Press: ? - help, Q - select action, (/) - cycle Shift-Dir - straight line, f - goblin
Aim: a goblin, wielding a +0 dagger (100% to hit)
The magic dart hits the goblin.
Aiming: Magic Dart (safe; 5% risk of failure)
Press: ? - help, Q - select action, (/) - cycle Shift-Dir - straight line, f/p - goblin
Aim: a goblin, wielding a +0 dagger (heavily wounded, 100% to hit)
The magic dart hits the goblin.
You now have 5/11 mp.
Aiming: Magic Dart (safe; 5% risk of failure)
Press: ? - help, Q - select action, (/) - cycle Shift-Dir - straight line, f - gnoll
Aim: a gnoll, wielding a +0 flail and wearing a +0 robe (100% to hit)
The magic dart hits the gnoll but does no damage.
You now have 4/11 mp.
Aiming: Magic Dart (safe; 5% risk of failure)
Press: ? - help, Q - select action, (/) - cycle Shift-Dir - straight line, f/p - gnoll
Aim: a gnoll, wielding a +0 flail and wearing a +0 robe (100% to hit)
The magic dart hits the gnoll but does no damage.
The gnoll closely misses you.
You now have 3/11 mp.
Aiming: Magic Dart (safe; 5% risk of failure)
Press: ? - help, Q - select action, (/) - cycle Shift-Dir - straight line, f/p - gnoll
Aim: a gnoll, wielding a +0 flail and wearing a +0 robe (100% to hit)
The magic dart hits the gnoll but does no damage.
The gnoll hits you with a +0 flail.
You take 2 damage, and have 21/26 hp.
You now have 2/11 mp.
Aiming: Magic Dart (safe; 5% risk of failure)
Press: ? - help, Q - select action, (/) - cycle Shift-Dir - straight line, f/p - gnoll
Aim: a gnoll, wielding a +0 flail and wearing a +0 robe (100% to hit)
The magic dart hits the gnoll but does no damage.
The gnoll misses you.
You now have 1/11 mp.
Aiming: Magic Dart (safe; 5% risk of failure)
Press: ? - help, Q - select action, (/) - cycle Shift-Dir - straight line, f/p - gnoll
Aim: a gnoll, wielding a +0 flail and wearing a +0 robe (100% to hit)
The magic dart hits the gnoll.
The gnoll hits you with a +0 flail.
You take 2 damage, and have 20/26 hp.
You now have 0/11 mp.
You hit the gnoll. Your bite misses the gnoll.
The gnoll hits you with a +0 flail.
You take 6 damage, and have 14/26 hp.
MASSIVE DAMAGE!!
You closely miss the gnoll. The gnoll barely misses you.
You hit the gnoll but do no damage. The gnoll hits you with a +0 flail!
* * * LOW HITPOINT WARNING * * *
You take 8 damage, and have 6/26 hp.
MASSIVE DAMAGE!!
You barely miss the gnoll. The gnoll hits you with a +0 flail.
* * * LOW HITPOINT WARNING * * *
You take 2 damage, and have 4/26 hp.
Aiming: Magic Dart (safe; 5% risk of failure)
Press: ? - help, Q - select action, (/) - cycle Shift-Dir - straight line, f/p - gnoll
Aim: a gnoll, wielding a +0 flail and wearing a +0 robe (moderately wounded, 100% to hit)
The magic dart hits the gnoll.
The gnoll barely misses you.
You now have 0/11 mp.
You hit the gnoll but do no damage. The gnoll closely misses you.
You hit the gnoll but do no damage. The gnoll barely misses you.
You closely miss the gnoll. The gnoll closely misses you.
You hit the gnoll. The gnoll barely misses you.
You hit the gnoll but do no damage. The gnoll hits you with a +0 flail.
You die...

#.#..############........
#.g.## #.....##..##.#..
......##.######.....##..#..#..
...... #.#..........##..#.##..
...... #......#...............
###.## #......#......~~~......
#. #.>###).#####.~~8~~...## #
.....# #.g# #########.#
####..# #.@# .# ##........# #
#......#)# ##....##.# #..#.. .
#..### #. #.. ∆ .# ## ∆ .


You could see a gnoll.

Vanquished Creatures
  3 gnolls
  6 ball pythons
  An endoplasm (D:1)
  2 giant cockroaches (D:1)
  2 goblins
  A hobgoblin (D:1)
  A quokka (D:1)
  3 bats
  2 frilled lizards (D:1)
  A kobold (D:2)
  2 rats
  A spectral kobold (D:1)
25 creatures vanquished.

Notes
Turn   | Place    | Note
-------+----------+-------------------------------------------
     0 | D:1      | IndexError the Gnoll Hedge Wizard began the quest for the
                  | Orb.
     0 | D:1      | Reached XP level 1. HP: 13/13 MP: 8/8
   267 | D:1      | Reached skill level 2 in Conjurations
   267 | D:1      | Reached skill level 2 in Summonings
   267 | D:1      | Reached skill level 2 in Translocations
   490 | D:1      | Reached XP level 2. HP: 19/19 MP: 8/10
   566 | D:1      | Found a faded altar of an unknown god.
  1687 | D:2      | Learned a level 2 spell: Blink
  1690 | D:2      | Learned a level 2 spell: Call Imp
  1742 | D:1      | Reached XP level 3. HP: 11/25 MP: 4/11
  1743 | D:1      | HP: 4/25 [gnoll/+0 whip (8)]
  1745 | D:1      | Reached skill level 1 in Invocations
  2016 | D:2      | Reached skill level 1 in Fighting
  2016 | D:2      | Reached skill level 1 in Short Blades
  2016 | D:2      | Reached skill level 1 in Long Blades
  2016 | D:2      | Reached skill level 1 in Axes
  2016 | D:2      | Reached skill level 1 in Maces & Flails
  2016 | D:2      | Reached skill level 1 in Polearms
  2016 | D:2      | Reached skill level 1 in Staves
  2016 | D:2      | Reached skill level 1 in Ranged Weapons
  2016 | D:2      | Reached skill level 1 in Throwing
  2016 | D:2      | Reached skill level 1 in Armour
  2016 | D:2      | Reached skill level 1 in Shields
  2016 | D:2      | Reached skill level 1 in Unarmed Combat
  2016 | D:2      | Reached skill level 1 in Evocations
  2035 | D:2      | HP: 6/26 [gnoll/+0 flail (8)]
  2042 | D:2      | Slain by a gnoll

Illustrated notes

Levels and vault maps discovered:
D:1:      elethiomel_arrival_infinity_welcomes_careful_drivers, layout_basic,
          dreamdust_ecumenical_altar_drowned_temple, hangedman_decor_points
D:2:      kennysheep_the_goblin_king, layout_loops_cross, moated_statue,
          minmay_quadrilaterals

Skill      XL: |  1  2  3 |
---------------+----------+-----
Conjurations   | 2 |  2.2
Summonings     | 2 |  2.2
Translocations | 2 |  2.2
Invocations    | 1 |  1.1
Fighting       | 1 |  1.0
Short Blades   | 1 |  1.0
Long Blades    | 1 |  1.0
Axes           | 1 |  1.0
Maces & Flails | 1 |  1.0
Polearms       | 1 |  1.0
Staves         | 1 |  1.0
Ranged Weapons | 1 |  1.0
Throwing       | 1 |  1.0
Armour         | 1 |  1.0
Shields        | 1 |  1.0
Unarmed Combat | 1 |  1.0
Evocations     | 1 |  1.0
Dodging        | |  4.6
Stealth        | |  4.2
Spellcasting   | |  7.2
Hexes          | |  0.7
Necromancy     | |  0.7
Transmutations | |  0.7
Fire Magic     | |  0.7
Ice Magic      | |  0.7
Air Magic      | |  0.7
Earth Magic    | |  0.7
Poison Magic   | |  0.7

Action                   || total
-------------------------++-------
Melee: Dagger            ||     9
 Cast: Magic Dart        ||    79
Armor: Robe              ||     7
Dodge: Dodged            ||    44

Table legend: (Time is in decaauts)
 A = Elapsed time spent in this place.
 B = Non-inter-level travel time spent in this place.
 C = Inter-level travel time spent in this place.
 D = Time resting spent in this place.
 E = Time spent auto-exploring this place.
 F = Levels seen in this place.
 G = Mean time per level.
                   A        B        C        D        E       F      G
               +--------+--------+--------+--------+--------+-----+--------+
         Total |   2051 |   1907 |    144 |      0 |   1711 |   2 | 1025.5 |
       Dungeon |   2051 |   1907 |    144 |      0 |   1711 |   2 | 1025.5 |
               +--------+--------+--------+--------+--------+-----+--------+

Top non-repeatable levels by time:
     D:1: 1787 daAuts
     D:2: 263 daAuts

Table legend:
 A = Kills in this place as a percentage of kills in entire the game.
 B = Kills by you in this place as a percentage of kills by you in the entire game.
 C = Kills by friends in this place as a percentage of kills by friends in the entire game.
 D = Other kills in this place as a percentage of other kills in the entire game.
 E = Experience gained in this place as a percentage of experience gained in the entire game.
 F = Experience gained in this place divided by the number of levels of this place that you have seen.
                   A       B       C       D       E      F
               +-------+-------+-------+-------+-------+----------------------
         Total | 100.0 | 100.0 |   N/A |   N/A | 100.0 |  38.0
       Dungeon | 100.0 | 100.0 |   N/A |   N/A | 100.0 |  38.0
               +-------+-------+-------+-------+-------+----------------------
